 Dungeon Crawl Stone Soup version 0.27.1-4-g1640c2035a (webtiles) character file.

Game seed: 7593349338096972788

44 Stomo444 the Skirmisher (level 3, 0/33 HPs)
             Began as a Draconian Monk on Nov 10, 2021.
             Was a Priest of Qazlal.
             Slain by Natasha (2 damage)
             ... on level 2 of the Dungeon.
             The game lasted 00:01:41 (1238 turns).

Stomo444 the Skirmisher (Draconian Monk)            Turns: 1238, Time: 00:01:42

Health: 0/33       AC:  5    Str: 14    XL:     3   Next: 39%
Magic:  3/3        EV: 13    Int: 10    God:    Qazlal [***...]
Gold:   40         SH:  4    Dex: 13    Spells: 2/2 levels left

rFire    . . .     SeeInvis .   a - +0 mace
rCold    . . .     Faith    .   (no shield)
rNeg     . . .     Spirit   .   (armour unavailable)
rPois    .         Reflect  .   (helmet restricted)
rElec    .         Harm     .   (no cloak)
rCorr    .         Rampage  .   (no gloves)
Will     .....                  (no boots)
Stlth    +.........             (no amulet)
HPRegen  0.11/turn              (no ring)
MPRegen  0.08/turn              (no ring)

@: slowed, very slow
A: AC +5, unfitting armour, cold-blooded
a: Renounce Religion, Upheaval, Elemental Force


You were on level 2 of the Dungeon.
You worshipped Qazlal.
Qazlal was most pleased with you.
You visited 1 branch of the dungeon, and saw 2 of its levels.

You collected 40 gold pieces.

Inventory:

Hand Weapons
 a - a +0 mace (weapon)
Jewellery
 c - an amulet of reflection
 g - a +6 ring of dexterity
Scrolls
 e - a scroll of fear {unknown}
 f - a scroll of teleportation {unknown}
 h - a scroll of vulnerability {unknown}
Potions
 b - 2 potions of lignification {unknown}
 d - a potion of magic {unknown}


   Skills:
 + Level 3.9 Fighting
 + Level 3.5 Maces & Flails
 + Level 3.2 Dodging
 - Level 1.7 Stealth


You had 2 spell levels left.
You didn't know any spells.
Your spell library was empty.

Dungeon Overview and Level Annotations

Branches:
Dungeon (2/15)

Altars:
Qazlal

Annotations:
D:2 Natasha


Innate Abilities, Weirdness & Mutations

Your plain brown scales are hard. (AC +5)
You cannot fit into any form of body armour.
You are cold-blooded and may be slowed by cold attacks.


Message History

Okay, then.
Natasha barely misses you.
You closely miss Natasha.
Your tail-slap misses Natasha.
Natasha closely misses you.
You barely miss Natasha.
You tail-slap Natasha, but do no damage.
Natasha misses you.
The shadow imp laughs crazily.
You hit Natasha.
Natasha is lightly wounded.
Natasha casts a spell at you. The magic dart hits you!
* * * LOW HITPOINT WARNING * * *
Natasha stares at you and mumbles some strange words.
You feel yourself slow down.
You hit Natasha.
You tail-slap Natasha, but do no damage.
Natasha is heavily wounded.
Natasha stares at you and mumbles some strange words.
You feel as though you will be slow longer.
The crimson imp spits at you.
Okay, then.
You barely miss Natasha.
Your tail-slap misses Natasha.
Natasha is heavily wounded.
Natasha claws you but does no damage.
Natasha casts a spell.
You closely miss Natasha. You tail-slap Natasha.
Natasha is severely wounded.
Natasha claws you.
* * * LOW HITPOINT WARNING * * *
The white imp barely misses you. Natasha claws you.
* * * LOW HITPOINT WARNING * * *
You closely miss Natasha.
Natasha is severely wounded.
The crimson imp disappears in a puff of smoke!
The white imp barely misses you. Natasha claws you.
* * * LOW HITPOINT WARNING * * *
The white imp hits you but does no damage.
Natasha claws you.
You die...

#........# #
#........# # ..#
##........# ########
# ..# #.........#
#......# #
..#####.........#
#.####.# #
......#....###### #.#
#.# #
......#....##### #.#
#.# #
......#.......§####.#
#.# #
......'.......wh@5.>#
#.########
.†....##......5######
#.........
...5..##.#######
########## ......##.#
######...# ...#
#....# ##...# ...#


You could see Natasha, a white imp (summoned), a shadow imp (summoned) and a
dart slug.

Vanquished Creatures
  A dart slug (D:1)
  5 ball pythons (D:1)
  3 bats
  4 endoplasms
  2 giant cockroaches (D:1)
  3 goblins
  5 hobgoblins
  4 jackals (D:1)
  A quokka (D:1)
  5 kobolds
  2 rats (D:1)
35 creatures vanquished.

Notes
Turn   | Place    | Note
-------+----------+-------------------------------------------
     0 | D:1      | Stomo444 the Draconian Monk began the quest for the Orb.
     0 | D:1      | Reached XP level 1. HP: 19/19 MP: 1/1
    99 | D:1      | Found a faded altar of an unknown god.
   111 | D:1      | Reached XP level 2. HP: 19/26 MP: 2/2
   127 | D:1      | Became a worshipper of Qazlal Stormbringer
   127 | D:1      | Reached * piety under Qazlal
   127 | D:1      | Reached ** piety under Qazlal
   291 | D:1      | Reached *** piety under Qazlal
   787 | D:1      | Reached XP level 3. HP: 33/33 MP: 3/3
  1182 | D:2      | Noticed Natasha
  1238 | D:2      | Slain by Natasha

Illustrated notes

Levels and vault maps discovered:
D:1:      saegor_arrival_simple_b, layout_rooms,
          ebering_ecumenical_altar_abandoned
D:2:      layout_basic, serial_shops, shop, uniq_natasha

Skill      XL: |  1  2 |
---------------+-------+-----
Dodging        | 3 |  3.2
Fighting       | |  3.9
Maces & Flails | |  3.5
Stealth        | |  1.7

Action                   || total
-------------------------++-------
Melee: Mace              ||   117
       Tailslap          ||    19
 Stab: Sleeping          ||     3
Armor: Skin              ||    36
Dodge: Dodged            ||    95
Block: Other             ||    13
